 Dungeon Crawl Stone Soup version 0.27-a0-1065-ge809cff456 (webtiles) character file.

Game seed: 2040511184206433733

78 siradein the Covered (level 4, 0/41 HPs)
             Began as a Minotaur Fighter on Apr 22, 2021.
             Slain by an endoplasm (1 damage)
             ... on level 3 of the Dungeon.
             The game lasted 00:01:51 (1776 turns).

siradein the Covered (Minotaur Fighter)             Turns: 1776, Time: 00:01:51

Health: 0/41       AC:  7    Str: 22    XL:     4   Next: 15%
Magic:  3/3        EV:  7    Int:  5    God:
Gold:   135        SH:  0    Dex:  9    Spells: 3/3 levels left

rFire    . . .     SeeInvis .   a - +0 long sword
rCold    . . .     Faith    .   c - +0 kite shield
rNeg     . . .     Spirit   .   b - +0 scale mail
rPois    .         Reflect  .   (helmet restricted)
rElec    .         Harm     .   (no cloak)
rCorr    .         Rampage  .   (no gloves)
Will     .....                  (no boots)
Stlth    ..........             (no amulet)
HPRegen  0.13/turn              (no ring)
MPRegen  0.08/turn              (no ring)

@: confused
A: horns 2, retaliatory headbutt
a: no special abilities


You were on level 3 of the Dungeon.
You visited 1 branch of the dungeon, and saw 3 of its levels.

You collected 135 gold pieces.

Inventory:

Hand Weapons
 a - a +0 long sword (weapon)
Armour
 b - a +0 scale mail (worn)
 c - a +0 kite shield (worn)
Scrolls
 g - a scroll of vulnerability {unknown}
Potions
 d - a potion of might
 e - a potion of berserk rage {unknown}
 f - 3 potions of mutation {unknown}
 h - a potion of heal wounds {unknown}


   Skills:
 + Level 4.3 Fighting
 + Level 3.3 Long Blades
 + Level 4.4 Armour
 + Level 4.3 Shields


You had 3 spell levels left.
You didn't know any spells.
Your spell library was empty.

Dungeon Overview and Level Annotations

Branches:
Dungeon (3/15)

Altars:

Annotations:
D:3 Sigmund


Innate Abilities, Weirdness & Mutations

You have a pair of horns on your head.
You reflexively headbutt those who attack you in melee.


Message History

The ball python grabs you. The ball python constricts you.
Sigmund the Dreaded comes into view.
He is wielding a +0 scythe.
The ball python bites you but does no damage.
The ball python constricts you.
You slash the ball python!
You kill the ball python!
Sigmund casts a spell at himself.
Sigmund flickers and vanishes!
Deactivating autopickup; reactivate with Ctrl-A.
The kobold throws a stone.
The stone hits you but does no damage.
A magic dart appears from out of thin air!
The magic dart hits you but does no damage.
You miss the frilled lizard. You headbutt the frilled lizard.
You kill the frilled lizard!
You slash the kobold!
You kill the kobold!
A magic dart appears from out of thin air!
The magic dart hits you but does no damage.
No target in view!
No target in view!
An endoplasm comes into view.
The endoplasm quivers.
Something hits you.
You closely miss something. Your headbutt misses something. Something hits you!
Something completely misses you.
You hit something.
You hear some strange, mumbled words.
A puff of flame appears from out of thin air!
The puff of flame hits you.
You closely miss something. Something hits you! The endoplasm freezes you.
You are frozen.
* * * LOW HITPOINT WARNING * * *
You miss something.
You hear some strange, mumbled words.
You are confused.
The endoplasm barely misses you. Something hits you!
* * * LOW HITPOINT WARNING * * *
You miss something. The endoplasm hits you.
You die...

#.# .....# #.#
....# ####.#
....# #....#
....+
#....##....#
#...<......#
#.##.#.#...#..
#...)......
#..@.......
##.{J...###
..#..<.....
#...........
....#........
.....##.......
..... ......^
#... .......


You could see an endoplasm.

Vanquished Creatures
  3 adders (D:2)
  2 dart slugs (D:2)
  5 endoplasms
  A giant cockroach (D:1)
  A goblin (D:1)
  2 hobgoblins
  2 jackals (D:1)
  3 quokkas
  8 ball pythons
  5 bats
  9 frilled lizards
  7 kobolds
  3 rats (D:2)
51 creatures vanquished.

Notes
Turn   | Place    | Note
-------+----------+-------------------------------------------
     0 | D:1      | siradein the Minotaur Fighter began the quest for the Orb.
     0 | D:1      | Reached XP level 1. HP: 19/19 MP: 0/0
   391 | D:1      | Reached XP level 2. HP: 27/27 MP: 1/1
   938 | D:1      | Found a faded altar of an unknown god.
  1181 | D:2      | Reached XP level 3. HP: 33/33 MP: 2/2
  1719 | D:2      | Reached XP level 4. HP: 38/40 MP: 3/3
  1765 | D:3      | Noticed Sigmund
  1775 | D:3      | HP: 1/41 [something (12)]
  1776 | D:3      | Slain by an endoplasm

Illustrated notes

Levels and vault maps discovered:
D:1:      amcnicky_arrival_double_pillar, layout_basic,
          shapermc_ecumenical_altar_notcrosses
D:2:      cheibrodos_old_hovel, layout_basic, kennysheep_generic_room_13
D:3:      kb_forest_paths, layout_basic, serial_curves, eino_curves_02,
          eino_curves_01, uniq_sigmund, uniq_robin

Skill      XL: |  1  2 |
---------------+-------+-----
Armour         | 4 |  4.4
Fighting       | 4 |  4.3
Shields        | 4 |  4.3
Long Blades    | 3 |  3.3

Action                   |  1- 3 |  4- 6 || total
-------------------------+-------+-------++-------
Melee: Long sword        |   104 |     9 ||   113
       Headbutt          |    14 |     1 ||    15
Armor: Scale mail        |    49 |     4 ||    53
Dodge: Dodged            |    49 |     2 ||    51
Block: Kite shield       |    60 |     2 ||    62
       Rpst.: Long sword |    10 |       ||    10

Table legend: (Time is in decaauts)
 A = Elapsed time spent in this place.
 B = Non-inter-level travel time spent in this place.
 C = Inter-level travel time spent in this place.
 D = Time resting spent in this place.
 E = Time spent auto-exploring this place.
 F = Levels seen in this place.
 G = Mean time per level.
                   A        B        C        D        E       F      G
               +--------+--------+--------+--------+--------+-----+--------+
         Total |   1828 |   1781 |     47 |      0 |   1490 |   3 |  609.3 |
       Dungeon |   1828 |   1781 |     47 |      0 |   1490 |   3 |  609.3 |
               +--------+--------+--------+--------+--------+-----+--------+

Top non-repeatable levels by time:
     D:1: 998 daAuts
     D:2: 813 daAuts
     D:3: 17 daAuts
